 Dungeon Crawl Stone Soup version 0.32-a0-886-g41c5271027 (webtiles) character file.

Game seed: 8638973274239576297

3 Gadrel the Charlatan (level 1, 10/10 HPs)
             Began as a Felid Artificer on Apr 2, 2024.
             Quit the game on level 1 of the Dungeon.
             The game lasted 00:00:45 (97 turns).

Gadrel the Charlatan (Felid Artificer)                Turns: 97, Time: 00:00:46

Health: 10/10      AC:  1    Str:  8    XL:     1   Next: 41%
Magic:  2/2        EV: 17    Int: 14    God:
Gold:   34         SH:  0    Dex: 16    Spells: 0/0 levels left
                                        Lives:  0   Deaths: 1

rFire   . . .        (weapon unavailable)
rCold   . . .        (shield unavailable)
rNeg    . . .        (body armour unavailable)
rPois   .            (helmet unavailable)
rElec   .            (cloak unavailable)
rCorr   .            (gloves unavailable)
SInv    +            (boots unavailable)
Will    .....        (no amulet)
Stlth   ++           (no ring)
HPRegen 0.21/turn    (no ring)
MPRegen 0.08/turn

%: no passive effects
@: no status effects
A: very small, claws 1, fangs 3, see invisible, shaggy fur 1, stealthy paws, no
weapons or thrown items, no armour, multi-lived
a: no special abilities


You were on level 1 of the Dungeon.
You visited 1 branch of the dungeon, and saw 1 of its levels.

You collected 34 gold pieces.

Inventory:

Wands
 e - a wand of charming (15)
 i - a wand of iceblast (5)
 q - a wand of flame (14)
Scrolls
 a - 2 scrolls of enchant armour {unknown}


   Skills:
 + Level 1.1 Fighting
 + Level 3.2 Dodging
 + Level 1.5 Stealth
 + Level 0.2 Unarmed Combat
 + Level 3.3 Evocations


You couldn't memorise any spells.
You didn't know any spells.
Your spell library was empty.

Dungeon Overview and Level Annotations

Branches:
Dungeon (1/15)

Altars:


Innate Abilities, Weirdness & Mutations

You have sharp claws.
You have razor-sharp teeth.
You have supernaturally acute eyesight. (SInv)
You are covered in fur. (AC +1)
Your paws help you pounce on unaware monsters.
You are incapable of wielding weapons or throwing items.
You cannot wear armour.
You gain extra lives every three experience levels.


Message History

Bad channel name 'Jiyva says' for runrest: 'Jiyva says: Divide and consume' Welcome, Gadrel the Felid Artificer.
They say the Orb of Zot lies within this dungeon, but they say a lot of things.
Found a staircase leading out of the dungeon.
You open the door.
There is an open door here.
You now have 16 gold pieces.
a - 2 scrolls labelled JYELUN DUUT You open the door.
There is an open door here.
A frilled lizard comes into view.
A malevolent force fills the Dungeon... and a teleportation trap spontaneously manifests!
You are yanked towards a nearby monster!
Your surroundings suddenly seem different.
A rat comes into view.
The frilled lizard moves out of view.
The helpless rat fails to defend itself.
You scratch the rat.
You kill the rat!
Okay, then.
A giant cockroach comes into view.
You scratch the giant cockroach but do no damage.
The giant cockroach barely misses you.
You closely miss the giant cockroach. Your bite misses the giant cockroach.
The giant cockroach bites you. The giant cockroach barely misses you.
You take 1 damage, and have 9/10 hp.
You barely miss the giant cockroach. The giant cockroach closely misses you.
You scratch the giant cockroach but do no damage.
The giant cockroach misses you.
Health restored: 10 You scratch the giant cockroach but do no damage.
The giant cockroach barely misses you.
You closely miss the giant cockroach. The giant cockroach misses you.
You scratch the giant cockroach but do no damage.
The giant cockroach barely misses you. The giant cockroach bites you.
You take 2 damage, and have 8/10 hp.
You scratch the giant cockroach. Your bite misses the giant cockroach.
The giant cockroach closely misses you.
You scratch the giant cockroach but do no damage.
You bite the giant cockroach.
You kill the giant cockroach!
You now have 21 gold pieces (gained 5).
You see here a giant cockroach corpse.
Found an escape hatch in the floor.
b - a pink potion Health restored: 10
Found a stone staircase leading down.
You now have 30 gold pieces (gained 9).
You now have 34 gold pieces (gained 4).
A kobold comes into view. It is wielding a +1 dagger of venom.
You pounce on the unaware helpless kobold!
You scratch the kobold. The kobold misses you.
You scratch the kobold.
The kobold hits you with a +1 dagger of venom.
Ouch! That really hurt!
You are lethally poisoned!
You take 5 damage, and have 5/10 hp.
MASSIVE DAMAGE!!
It was a potion of heal wounds.
You feel much better.
You feel very sick. The kobold barely misses you.
You regained 2 hp, and now have 7/10 hp.
You feel sick.
You take 2 damage, and have 5/10 hp.
You feel sick.
You take 1 damage, and have 4/10 hp.
* * * LOW HITPOINT WARNING * * *
You feel sick.
You take 2 damage, and have 2/10 hp.
Press: ? - help, Shift-Dir - straight line, f - kobold
Aim: a kobold, wielding a +1 dagger of venom and quivering stones (severely wounded, 64% to hit)
The puff of flame hits the kobold.
You kill the kobold!
* * * LOW HITPOINT WARNING * * *
You feel sick.
You take 1 damage, and have 1/10 hp.
You aren't carrying any potions.
* * * LOW HITPOINT WARNING * * *
You feel sick.
You die...
You feel sick.
You rejoin the land of the living...
Health restored: 10

##†.#####.# ##..###
......# ......##
.......# .
.......####### ####..
........†....# #......
......######.####...##..
..............†.@.......
##.###.#######.##...##..
... ># #.# #.## #.. .#
.# ... ##. .# .. ### #>
.# .. #. .## ## .#


There were no monsters in sight!

Vanquished Creatures
  A giant cockroach (D:1)
  A kobold (D:1)
  A rat (D:1)
3 creatures vanquished.

Notes
Turn   | Place    | Note
-------+----------+-------------------------------------------
     0 | D:1      | Gadrel the Felid Artificer began the quest for the Orb.
     0 | D:1      | Reached XP level 1. HP: 10/10 MP: 2/2
    93 | D:1      | HP: 2/10 [poisoned by a kobold]
    96 | D:1      | Succumbed to a kobold's poison
    96 | D:1      | Lost a life (0 lives remaining)
    97 | D:1      | Quit the game

Illustrated notes

Levels and vault maps discovered:
D:1:      dpeg_arrival_erosion, layout_loops_ring, kennysheep_decorative_pillar,
          serial_park_tiny_1

Action                     || total
---------------------------++-------
  Melee: Unarmed           ||    12
         Bite              ||     1
  Evoke: Wand              ||     1
    Use: Potion            ||     1
   Stab: Sleeping          ||     2
 Armour: Skin              ||     3
  Dodge: Dodged            ||    10

Table legend: (Time is in decaauts)
 A = Elapsed time spent in this place.
 B = Non-inter-level travel time spent in this place.
 C = Inter-level travel time spent in this place.
 D = Time resting spent in this place.
 E = Time spent auto-exploring this place.
 F = Levels seen in this place.
 G = Mean time per level.
                   A        B        C        D        E       F      G
               +--------+--------+--------+--------+--------+-----+--------+
         Total |     97 |     97 |      0 |      0 |     63 |   1 |   97.0 |
       Dungeon |     97 |     97 |      0 |      0 |     63 |   1 |   97.0 |
               +--------+--------+--------+--------+--------+-----+--------+

Top non-repeatable levels by time:
     D:1: 97 daAuts

Levels and vault maps discovered:
D:1:      dpeg_arrival_erosion, layout_loops_ring, kennysheep_decorative_pillar,
          serial_park_tiny_1

Table legend: (Time is in decaauts)
 A = Elapsed time spent in this place.
 B = Non-inter-level travel time spent in this place.
 C = Inter-level travel time spent in this place.
 D = Time resting spent in this place.
 E = Time spent auto-exploring this place.
 F = Levels seen in this place.
 G = Mean time per level.
                   A        B        C        D        E       F      G
               +--------+--------+--------+--------+--------+-----+--------+
         Total |     97 |     97 |      0 |      0 |     63 |   1 |   97.0 |
       Dungeon |     97 |     97 |      0 |      0 |     63 |   1 |   97.0 |
               +--------+--------+--------+--------+--------+-----+--------+

Top non-repeatable levels by time:
     D:1: 97 daAuts

Table legend:
 A = Kills in this place as a percentage of kills in the entire game.
 B = Kills by you in this place as a percentage of kills by you in the entire game.
 C = Kills by friends in this place as a percentage of kills by friends in the entire game.
 D = Other kills in this place as a percentage of other kills in the entire game.
 E = Experience gained in this place as a percentage of experience gained in the entire game.
 F = Experience gained in this place divided by the number of levels of this place that you have seen.
                   A       B       C       D       E      F
               +-------+-------+-------+-------+-------+----------------------
         Total | 100.0 | 100.0 |   N/A |   N/A | 100.0 |   5.0
       Dungeon | 100.0 | 100.0 |   N/A |   N/A | 100.0 |   5.0
               +-------+-------+-------+-------+-------+----------------------
